 Dungeon Sprint DCSS version 0.19.0-24-gb05acd6 (webtiles) character file.

442 igo the Basher (level 7, -7/88 HPs)
             Began as an Ogre Berserker on Nov 22, 2016.
             Was a Believer of Trog.
             Succumbed to Sonja's poison
             ... in the Dungeon (Sprint I: "Red Sonja").
             The game lasted 00:03:10 (351 turns).

igo the Basher (Ogre Berserker)                      Turns: 351, Time: 00:03:10

Health: -7/88      AC:  3    Str: 23    XL:     7   Next: 2%
Magic:  7/7        EV: 11    Int:  6    God:    Trog [**....]
Gold:   21         SH:  0    Dex: 11    Spells: 0 memorised, 6 levels left

rFire  . . .     SeeInvis .     j - +0 giant spiked club
rCold  . . .     Gourm    .     b - +0 animal skin
rNeg   . . .     Faith    .     (shield currently unavailable)
rPois  .         Spirit   .     (helmet restricted)
rElec  .         Reflect  .     (no cloak)
rCorr  .         Harm     .     (gloves unavailable)
MR     .....     NoTele   +     (boots unavailable)
Stlth  +.........               (no amulet)
                                (no ring)
                                (no ring)

@: lethally poisoned (-7 -> -112), exhausted, slowed, very slow
A: unfitting armour, tough skin 1
a: Berserk, Trog's Hand, Burn Spellbooks, Renounce Religion


You were in the Dungeon.
You worshipped Trog.
Trog was pleased with you.
You were not hungry.

You visited 1 branch You collected 311 gold pieces.
You spent 290 gold pieces at shops.

Inventory:

Hand Weapons
 a - a +0 mace
 j - a +0 giant spiked club (weapon)
Armour
 b - a +0 animal skin (worn)
Scrolls
 i - a scroll of blinking
Potions
 f - 3 potions of haste
 g - 2 potions of magic
 h - a potion of berserk rage
 l - 2 potions of lignification
Comestibles
 c - a bread ration
 k - 3 chunks of flesh


   Skills:
 + Level 11.4 Fighting
 * Level 14.5 Maces & Flails
 - Level 3.9 Dodging


You had 6 spell levels left.
You didn't know any spells.

Dungeon Overview and Level Annotations

Branches:
Dungeon (1/1)

Altars:
Cheibriados
Dithmenos
Elyvilon
Fedhas
Gozag
Hepliaklqana
Kikubaaqudgha
Nemelex Xobeh
Okawaru
Qazlal
Ru
Sif Muna
Trog
Uskayaw
Vehumet
Yredelemnul
Zin
The Shining One

Shops:
D !

Annotations:
D Sonja


Innate Abilities, Weirdness & Mutations

You are too large for most types of armour.
You have tough skin. (AC +1)


Message History

Sonja hits you with an uncursed dagger of venom.
* * * LOW HITPOINT WARNING * * *
You are more poisoned.
Sonja hits you but does no damage. x2
You are more poisoned.
Sonja closely misses you.
You barely miss Sonja.
Your skin stops crawling.
You feel less resistant to hostile enchantments.
* * * LOW HITPOINT WARNING * * *
You feel extremely sick.
Sonja mumbles some strange words.
Sonja blinks!
Unknown command.
Press < or > to pray at altars.
Okay, then.
You are too injured to fight recklessly!
You are too injured to fight recklessly!
You are too injured to fight recklessly!
You die...

################
#<.#..'..#..'..#
#..)..#..'[.#..+
#..#####'#####'#
#..####..#...#)#
#..#__####.(##.#
#..#_____##'#..+
#⌠⌠#_.∩..K'..._#
####_..§@##_.#+#
#_____###'#
####### .# .K
.$# .## +#


You could see Sonja.

Vanquished Creatures
  Sigmund (D)
  A yak (D)
  An ogre (D)
  A jelly (D)
  Ijyb (D)
5 creatures vanquished.

Notes
Turn   | Place    | Note
-------+----------+-------------------------------------------
     0 | D        | igo the Ogre Berserker began the quest for the Orb.
     0 | D        | Reached XP level 1. HP: 24/24 MP: 1/1
     1 | D        | Noticed Ijyb
    10 | D        | Killed Ijyb
    10 | D        | Reached skill level 5 in Fighting
    10 | D        | Reached skill level 5 in Maces & Flails
    10 | D        | Reached XP level 2. HP: 36/36 MP: 2/2
    10 | D        | Reached XP level 3. HP: 44/44 MP: 3/3
    54 | D        | Noticed an ogre
    60 | D        | Killed an ogre
    60 | D        | Reached skill level 9 in Maces & Flails
    60 | D        | Reached XP level 4. HP: 57/57 MP: 4/4
    76 | D        | Noticed Sigmund
    80 | D        | Killed Sigmund
    80 | D        | Reached ** piety under Trog
    80 | D        | Reached skill level 10 in Fighting
    80 | D        | Reached skill level 12 in Maces & Flails
    80 | D        | Reached XP level 5. HP: 32/68 MP: 5/5
    80 | D        | Reached XP level 6. HP: 37/78 MP: 6/6
   263 | D        | Found a deep blue altar of Sif Muna.
   265 | D        | Found a radiant altar of Vehumet.
   267 | D        | Reached skill level 13 in Maces & Flails
   272 | D        | Found Setim's Distillery.
   272 | D        | Found an ancient bone altar of Kikubaaqudgha.
   272 | D        | Found a hazy altar of Hepliaklqana.
   272 | D        | Found a stormy altar of Qazlal.
   272 | D        | Found a hide-covered altar of Uskayaw.
   272 | D        | Found a blossoming altar of Fedhas.
   272 | D        | Found a bloodstained altar of Trog.
   272 | D        | Found an iron altar of Okawaru.
   272 | D        | Found a basalt altar of Yredelemnul.
   272 | D        | Found a glowing golden altar of the Shining One.
   272 | D        | Found a snail-covered altar of Cheibriados.
   272 | D        | Found a sacrificial altar of Ru.
   272 | D        | Found a glowing silver altar of Zin.
   272 | D        | Found a shadowy altar of Dithmenos.
   272 | D        | Found a white marble altar of Elyvilon.
   272 | D        | Noticed a yak
   274 | D        | Killed a yak
   274 | D        | Reached skill level 14 in Maces & Flails
   274 | D        | Reached XP level 7. HP: 88/88 MP: 7/7
   275 | D        | Found an opulent altar of Gozag.
   278 | D        | Found a sparkling altar of Nemelex Xobeh.
   304 | D        | Bought a potion of lignification for 30 gold pieces
   304 | D        | Bought a potion of lignification for 30 gold pieces
   304 | D        | Bought a potion of haste for 100 gold pieces
   304 | D        | Bought a potion of haste for 100 gold pieces
   304 | D        | Bought a potion of lignification for 30 gold pieces
   310 | D        | Noticed Sonja
   351 | D        | Succumbed to Sonja's poison

Skill      XL: |  1  2  3  4  5  6 |
---------------+-------------------+-----
Fighting       | 5 8 10 11 | 11.4
Maces & Flails | 5 9 12 14 | 14.5
Dodging        | 3 |  3.9

Action                   |  1- 3 |  4- 6 |  7- 9 || total
-------------------------+-------+-------+-------++-------
Melee: Mace              |    12 |       |       ||    12
       Giant spiked club |       |     6 |    16 ||    22
Invok: Berserk           |     2 |       |     1 ||     3
       Trog's Hand       |       |       |     1 ||     1
  Use: Potion            |       |       |     3 ||     3
  Eat: Chunk             |       |       |     2 ||     2
Armor: Animal skin       |     3 |       |     4 ||     7
       Skin              |       |       |    66 ||    66
Dodge: Dodged            |     2 |     2 |     7 ||    11
